 Dungeon Crawl Stone Soup version 0.27-a0-909-g0721f309d1 (webtiles) character file.

Game seed: 16734345387573724944

97 jasper the Skirmisher (level 4, 0/36 HPs)
             Began as a Demonspawn Artificer on Apr 9, 2021.
             Was a Believer of Trog.
             Succumbed to a kobold brigand's poison
             ... in a sewer.
             The game lasted 00:04:05 (2617 turns).

jasper the Skirmisher (Demonspawn Artificer)        Turns: 2617, Time: 00:04:06

Health: 0/36       AC:  5    Str: 14    XL:     4   Next: 42%
Magic:  4/4        EV: 11    Int: 12    God:    Trog [**....]
Gold:   41         SH:  0    Dex: 13    Spells: 3/3 levels left

rFire    . . .     SeeInvis .   k - +0 flail
rCold    . . .     Faith    .   (no shield)
rNeg     . . .     Spirit   .   b - +0 leather armour
rPois    .         Reflect  .   (no helmet)
rElec    .         Harm     .   (no cloak)
rCorr    .         Rampage  .   (no gloves)
Will     .....                  (no boots)
Stlth    +.........             (no amulet)
HPRegen  0.12/turn              (no ring)
MPRegen  0.09/turn              (no ring)

@: lethally poisoned (0 -> -1)
A: talons 1, molten scales 1
a: Renounce Religion, Berserk, Trog's Hand


You were in a sewer.
You worshipped Trog.
Trog was pleased with you.
You visited 1 branch of the dungeon, and saw 3 of its levels.
You also visited: Sewer.

You collected 41 gold pieces.

Inventory:

Hand Weapons
 a - a +0 club
 f - a +0 hunting sling
 k - a +0 flail (weapon)
Armour
 b - a +0 leather armour (worn)
Wands
 d - a wand of charming (11) (quivered)
 e - a wand of random effects (12)
Scrolls
 g - a scroll of teleportation
 h - 2 scrolls of identify
 i - a scroll of fog
Potions
 c - a potion of curing {unknown}
 j - a potion of attraction {unknown}
 l - a potion of might {unknown}


   Skills:
 * Level 3.6 Fighting
 + Level 1.9 Maces & Flails
 - Level 1.7 Armour
 - Level 0.8 Dodging
 - Level 0.8 Stealth
 - Level 3.0 Evocations


You had 3 spell levels left.
You didn't know any spells.
Your spell library was empty.

Dungeon Overview and Level Annotations

Branches:
Dungeon (3/15)              Sewer (1/1)

Altars:
Trog

Annotations:
D:2 Terence


Innate Abilities, Weirdness & Mutations

You have sharp toenails.
You are partially covered in molten scales. (AC +2)


Message History

You are poisoned.
You feel sick.
You take 2 damage, and have 33/36 hp.
You enter the shallow water.
Moving in this stuff is going to be slow.
You feel sick.
The kobold brigand throws a poisoned dart.
The poisoned dart hits you!
You are more poisoned.
You take 2 damage, and have 31/36 hp.
You feel very sick.
You take 3 damage, and have 28/36 hp.
You closely miss the kobold brigand.
You feel sick.
You take 2 damage, and have 26/36 hp.
You thump the kobold brigand! You claw the kobold brigand.
The kobold brigand is heavily wounded.
You feel sick.
The kobold brigand hits you with a +0 whip.
The kobold brigand barely misses you.
You take 7 damage, and have 19/36 hp.
You hit the kobold brigand.
The kobold brigand is heavily wounded.
You feel sick.
The kobold brigand hits you with a +0 whip.
You take 6 damage, and have 13/36 hp.
You hit the kobold brigand. You claw the kobold brigand.
The kobold brigand is heavily wounded.
You feel sick. The kobold brigand barely misses you.
You take 1 damage, and have 12/36 hp.
You sock the kobold brigand! Your kick misses the kobold brigand.
The kobold brigand is almost dead.
You feel sick.
The kobold brigand hits you with a +0 whip.
* * * LOW HITPOINT WARNING * * *
The kobold brigand hits you with a +0 whip.
* * * LOW HITPOINT WARNING * * *
You take 11 damage, and have 1/36 hp.
MASSIVE DAMAGE!!
You closely miss the kobold brigand.
The kobold brigand is almost dead.
You die...

.≈≈.≈≈≈≈.####≈...≈≈≈###≈≈≈
.≈≈≈≈≈...≈.≈########≈≈.).##
≈≈#####≈.≈≈≈# #####≈≈≈ ≈
##..≈≈# #### ##≈≈.# #.≈.#
#.≈.# ##≈≈≈## #≈@≈≈.#
#K###≈# #≈# ≈# #≈# ≈# ≈.≈
≈#S #≈ ≈# #≈ ≈# #. .#


You could see a kobold brigand.

Vanquished Creatures
  An adder (Sewer)
  3 river rats
  3 worms (Sewer)
  4 endoplasms
  2 giant cockroaches (D:3)
  3 goblins
  2 hobgoblins (D:1)
  3 jackals (D:1)
  3 kobolds
  3 quokkas (D:1)
  9 ball pythons
  5 bats
  2 frilled lizards
  11 rats
54 creatures vanquished.

Vanquished Creatures (collateral kills)
  An endoplasm (D:1)
1 creature vanquished.

Vanquished Creatures (others)
  An adder (D:2)
  3 plants (D:3)
4 creatures vanquished.

Grand Total: 59 creatures vanquished

Notes
Turn   | Place    | Note
-------+----------+-------------------------------------------
     0 | D:1      | jasper the Demonspawn Artificer began the quest for the
                  | Orb.
     0 | D:1      | Reached XP level 1. HP: 15/15 MP: 1/1
    67 | D:1      | Gained mutation: You are partially covered in molten
                  | scales. (AC +2) [demonic ancestry]
    67 | D:1      | Reached XP level 2. HP: 19/22 MP: 2/2
   254 | D:1      | Reached skill level 1 in Maces & Flails
  1061 | D:1      | Reached XP level 3. HP: 28/28 MP: 3/3
  1077 | D:2      | Found a faded altar of an unknown god.
  1132 | D:2      | Became a worshipper of Trog the Wrathful
  1132 | D:2      | Reached * piety under Trog
  1232 | D:2      | Noticed Terence
  1517 | D:3      | Found a glowing drain.
  1703 | Sewer    | Entered a sewer
  2018 | Sewer    | Gained mutation: You have sharp toenails. [demonic
                  | ancestry]
  2018 | Sewer    | Reached XP level 4. HP: 13/35 MP: 4/4
  2603 | Sewer    | Noticed a kobold brigand
  2608 | Sewer    | Reached ** piety under Trog
  2616 | Sewer    | HP: 1/36 [kobold brigand/+0 whip (3)]
  2617 | Sewer    | Succumbed to a kobold brigand's poison

Illustrated notes

Levels and vault maps discovered:
D:1:      psy_arrival_fountain, layout_basic, dk_noncrumbling_4, minivault_25
D:2:      minmay_razor_zed, layout_loops_ring, basic_ecumenical_altar,
          uniq_crazy_yiuf_cottage, uniq_terence
D:3:      layout_loops_ring, nicolae_overflow_crystal_walls, serial_bayou,
          serial_bayou_crossing, serial_bayou_shore_b, serial_bayou_pond_d,
          serial_bayou_pond_b, portal_sewer_entry_a, minmay_surrounded,
          uniq_jessica, uniq_grinder
Sewer:    sewer_co_tree

Skill      XL: |  1  2  3 |
---------------+----------+-----
Fighting       | 2 3 |  3.6
Maces & Flails | 1 |  1.9
Armour         | |  1.7
Dodging        | |  0.8
Stealth        | |  0.8
Evocations     | |  3.0

Action                   |  1- 3 |  4- 6 || total
-------------------------+-------+-------++-------
Melee: Club              |    60 |       ||    60
       Flail             |    46 |    52 ||    98
       Kick              |       |    13 ||    13
Evoke: Wand              |    22 |       ||    22
  Use: Scroll            |     4 |       ||     4
Armor: Leather armour    |    43 |    15 ||    58
Dodge: Dodged            |    69 |    26 ||    95

Table legend: (Time is in decaauts)
 A = Elapsed time spent in this place.
 B = Non-inter-level travel time spent in this place.
 C = Inter-level travel time spent in this place.
 D = Time resting spent in this place.
 E = Time spent auto-exploring this place.
 F = Levels seen in this place.
 G = Mean time per level.
                   A        B        C        D        E       F      G
               +--------+--------+--------+--------+--------+-----+--------+
         Total |   2764 |   2737 |     27 |   1112 |    909 |   4 |  691.0 |
       Dungeon |   1738 |   1711 |     27 |    574 |    655 |   3 |  579.3 |
         Sewer |   1025 |   1025 |      0 |    538 |    254 |   1 | 1025.0 |
               +--------+--------+--------+--------+--------+-----+--------+

Top non-repeatable levels by time:
     D:1: 1210 daAuts
   Sewer: 1025 daAuts
     D:2: 335 daAuts
     D:3: 192 daAuts
